 Dungeon Crawl Stone Soup version 0.24.0-1-gfbc8707 (webtiles) character file.

Game seed: 12492914547931813167, levelgen mode: deterministic

128 Scrawl the Skirmisher (level 5, -1/46 HPs)
             Began as a Ghoul Monk on Oct 31, 2019.
             Was a Believer of Makhleb.
             Slain by a water moccasin (5 damage)
             ... on level 7 of the Dungeon.
             The game lasted 00:07:39 (3106 turns).

Scrawl the Skirmisher (Ghoul Monk)                  Turns: 3106, Time: 00:07:39

Health: -1/46      AC:  3    Str: 16    XL:     5   Next: 11%
Magic:  4/4        EV: 12    Int:  5    God:    Makhleb [**....]
Gold:   75         SH:  4    Dex: 11    Spells: 4/4 levels left

rFire    . . .     SeeInvis .     - Unarmed
rCold    + . .     Gourm    .   j - +1 buckler
rNeg     + + +     Faith    .   n - +0 leather armour
rPois    ∞         Spirit   .   (no helmet)
rElec    .         Reflect  .   (no cloak)
rCorr    .         Harm     .   (no gloves)
MR       .....                  (no boots)
Stlth    ++........             (no amulet)
HPRegen  0.00/turn              (no ring)
MPRegen  0.09/turn              (no ring)

@: rotting
A: rotting body, claws 1, carnivore, cold resistance 1, negative energy
resistance 3, inhibited regeneration, torment resistance, unbreathing
a: Minor Destruction, Renounce Religion


You were on level 7 of the Dungeon.
You worshipped Makhleb.
Makhleb was pleased with you.
You were not hungry.

You visited 1 branch of the dungeon, and saw 6 of its levels.

You collected 75 gold pieces.

Inventory:

Armour
 j - a +1 buckler (worn)
 n - a +0 leather armour (worn)
Scrolls
 f - a scroll of identify
Potions
 e - a potion of brilliance
 h - 2 potions of lignification {unknown}
 k - a potion of berserk rage {unknown}
 m - a potion of heal wounds {unknown}
Comestibles
 b - 5 rations


   Skills:
 + Level 4.2 Fighting
 + Level 3.4 Dodging
 - Level 2.7 Stealth
 + Level 1.3 Shields
 + Level 4.2 Unarmed Combat


You had 4 spell levels left.
You didn't know any spells.
Your spell library was empty.

Dungeon Overview and Level Annotations

Branches:
Dungeon (7/15)
 Temple: D:4-7

Altars:
Ashenzari
Makhleb

Annotations:
D:5 Menkaure, Sigmund
D:6 exclusion: upstairs


Innate Abilities, Weirdness & Mutations

Your body is rotting away.
You thrive on raw meat.
You are immune to poison.
You have sharp fingernails.
You are carnivorous and can eat meat at any time.
Your flesh is cold resistant. (rC+)
You are immune to negative energy. (rN+++)
You do not regenerate when monsters are visible.
You are immune to unholy pain and torment.
You can survive without breathing.


Message History

As you read the scroll labeled AZUSCH VIMEY, it crumbles to dust.
It is a scroll of amnesia.
You feel forgetful for a moment. The water moccasin bites you!
The water moccasin closely misses you.
As you read the scroll labeled QAXTUA MAUN BUQO, it crumbles to dust.
Your claws glow shining bronze for a moment.
It was a scroll of random uselessness.
You block the water moccasin's attack.
As you read the scroll labeled VINUB MICEKOT, it crumbles to dust.
It is a scroll of enchant armour.
Your +0 buckler glows green for a moment.
The water moccasin bites you.
* * * LOW HITPOINT WARNING * * *
The orc barely misses you.
As you read the scroll labeled HEGREI XACUWE, it crumbles to dust.
It is a scroll of enchant weapon.
You aren't carrying any weapons that can be enchanted.
The water moccasin bites you!
* * * LOW HITPOINT WARNING * * *
You block the orc's attack. The water moccasin bites you.
You die...

#.# #.#
#.# #.#
#.# #Y#
#l#
########S#
.....oo@.#
##########


You could see a water moccasin, a sky beast, an iguana and 2 orcs.

Vanquished Creatures
  A hound (D:6)
  A gnoll (D:7)
  4 adders (D:2)
  2 worms (D:2)
  3 leopard geckos
  3 giant cockroaches
  4 goblins
  6 hobgoblins
  2 quokkas (D:2)
  A ball python (D:2)
  5 bats
  4 frilled lizards
  9 kobolds
  4 rats
49 creatures vanquished.

Notes
Turn   | Place    | Note
-------+----------+-------------------------------------------
     0 | D:1      | Scrawl the Ghoul Monk began the quest for the Orb.
     0 | D:1      | Reached XP level 1. HP: 19/19 MP: 0/0
   189 | D:1      | Reached XP level 2. HP: 13/25 MP: 1/1
   429 | D:1      | Found a shattered altar of Ashenzari.
   745 | D:2      | Found a burning altar of Makhleb.
   762 | D:2      | Became a worshipper of Makhleb the Destroyer
   762 | D:2      | Reached * piety under Makhleb
   762 | D:2      | Reached ** piety under Makhleb
   916 | D:2      | Reached XP level 3. HP: 12/31 MP: 2/2
  1128 | D:2      | Found a faded altar of an unknown god.
  1788 | D:2      | Reached XP level 4. HP: 20/40 MP: 3/3
  1999 | D:2      | Reached skill level 1 in Shields
  2523 | D:3      | You fall into a shaft and drop 3 floors!
  2561 | D:6      | Reached XP level 5. HP: 24/46 MP: 4/4
  2742 | D:5      | Entered Level 5 of the Dungeon
  2742 | D:5      | Noticed Sigmund
  2742 | D:5      | Noticed Menkaure
  2747 | D:6      | Noticed a sky beast
  3072 | D:7      | Noticed a water moccasin
  3073 | D:7      | Noticed a sky beast
  3106 | D:7      | Slain by a water moccasin

Levels and vault maps discovered:
D:1:      evilmike_arrival_plus, layout_basic, evilmike_ruin_ashenzari
D:2:      layout_basic, nicolae_overflow_crystal_walls,
          chequers_ecumenical_altar_simple_redux
D:3:      layout_rooms, nicolae_overflow_hidden_temple
D:5:      layout_rooms, first_ration, uniq_sigmund, uniq_menkaure, uniq_grinder
D:6:      layout_basic, amethyst_overflow_temple_binary
D:7:      layout_basic, grunt_dithmenos_smoke_and_mirrors, marbit_many_paths

Skill      XL: |  1  2  3  4 |
---------------+-------------+-----
Dodging        | 3 |  3.4
Shields        | 1 |  1.3
Fighting       | 4 |  4.2
Unarmed Combat | 4 |  4.2
Stealth        | |  2.7

Action                   |  1- 3 |  4- 6 || total
-------------------------+-------+-------++-------
Melee: Unarmed           |   130 |    52 ||   182
       Punch             |     1 |       ||     1
  Use: Scroll            |       |     5 ||     5
 Stab: Sleeping          |     4 |     3 ||     7
  Eat: Chunk             |     5 |    10 ||    15
Armor: Robe              |    20 |     1 ||    21
       Leather armour    |       |    13 ||    13
Dodge: Dodged            |    89 |    47 ||   136
Block: Buckler           |     9 |    14 ||    23
